 Dungeon Crawl Stone Soup version 0.16-a0-3943-gb4b81e6 (webtiles) character file.

147 timbw the Ruffian (level 5, -3/38 HPs)
             Began as a Centaur Venom Mage on Feb 8, 2015.
             Was an Initiate of Ashenzari.
             Slain by an orc wizard
             ... wielding a +2 dagger of electrocution
              (4 damage)
             ... on level 8 of the Dungeon.
             The game lasted 00:08:23 (1723 turns).

timbw the Ruffian (Centaur Venom Mage)              Turns: 1723, Time: 00:08:24

Health: -3/38      AC:  4    Str: 16    XL:     5   Next: 8%
Magic:  6/6        EV:  9    Int: 15    God:    Ashenzari [......]
Gold:   58         SH:  0    Dex:  9    Spells: 2 memorised, 4 levels left

rFire  . . .     SeeInvis .       - Unarmed
rCold  . . .     Clarity  .     a - +0 robe
rNeg   + . .     SustAb   .     (no shield)
rPois  .         Gourm    .     (no helmet)
rElec  .         Spirit   .     (no cloak)
rCorr  .         Warding  .     (no gloves)
rMut   .         Stasis   .     (no barding)
MR     .....                    o - amulet of regeneration
Stlth  +.........               (no ring)
                                n - ring of positive energy

@: mighty, about to teleport, very quick, not resistant to hostile enchantments,
very unstealthy
A: hooves 3, deformed body, speed 2, tough skin 3
a: Renounce Religion


You were on level 8 of the Dungeon.
You worshipped Ashenzari.
Ashenzari was noncommittal.
You were hungry.

You visited 1 branch of the dungeon, and saw 7 of its levels.

You collected 58 gold pieces.

Inventory:

Hand weapons
 e - a +0 dagger
Armour
 a - a +0 robe (worn)
 l - a +0 leather armour
Jewellery
 n - a ring of positive energy (left hand)
 o - an amulet of regeneration (around neck)
Scrolls
 f - a scroll of enchant weapon {unknown}
 i - a scroll of identify {unknown}
 k - 3 scrolls of enchant armour {unknown}
 m - a scroll of random uselessness {unknown}
 r - a scroll of remove curse
 s - a scroll of noise {unknown}
Books
 b - a Young Poisoner's Handbook

   Spells                             Type                      Level
   a - Sting                          Conjuration/Poison           1
   b - Cure Poison                    Poison                       2
   c - Mephitic Cloud                 Conjuration/Poison/Air       3
   d - Olgreb's Toxic Radiance        Poison                       4
   e - Venom Bolt                     Conjuration/Poison           5
Comestibles
 c - 3 bread rations
 h - a chunk of flesh
 p - 2 meat rations
 q - a royal jelly
 t - 3 fruits


   Skills:
 - Level 1.3 Dodging
 - Level 1.2 Stealth
 + Level 4.8 Unarmed Combat
 - Level 1.5 Spellcasting
 - Level 3.2 Poison Magic


You had 4 spell levels left.
You knew the following spells:

 Your Spells              Type           Power        Failure   Level  Hunger
a - Sting                 Conj/Pois      #...         12%         1    ##.....
b - Cure Poison           Pois           ##........   12%         2    ###....


Dungeon Overview and Level Annotations

Branches:
Dungeon (8/15)
 Temple: D:4-7         Lair: D:8-11

Altars:
Ashenzari
Elyvilon
Okawaru
Sif Muna

Annotations:
D:8 Prince Ribbit


Innate Abilities, Weirdness & Mutations

You have hooves in place of feet.
Armour fits poorly on your strangely shaped body.
You cover ground very quickly.
You have extremely tough skin (AC +3).


Message History

* * * LOW HITPOINT WARNING * * *
The bat hits you.
* * * LOW HITPOINT WARNING * * *
The bat hits you but does no damage.
Drink which item? (? for menu, Esc to quit)
It was a potion of restore abilities.
You feel refreshed. The bat hits you but does no damage.
Drink which item? (? for menu, Esc to quit)
It was a potion of might.
You feel very mighty all of a sudden.
The orc wizard gestures at you while chanting.
You resist with some effort.
Read which item? (? for menu, Esc to quit)
As you read the scroll of teleportation, it crumbles to dust.
You feel strangely unstable. Something hits you.
* * * LOW HITPOINT WARNING * * *
The bat barely misses you.
The orc wizard mumbles some strange words.
The orc wizard blinks!
Something hits you.
You die...

.# #. .# #. . #.##
##... ..###....
####.....#
###..####{@ยง...#
.........b.##.##
.....o..#####..##
......# ##..## ......
#..)####.. ......#
#........$ .....####
##$.#......
.........###...##....
...............##.....


You could see an orc wizard and a bat.

Vanquished Creatures
  A giant frog skeleton (D:4)
  A hound (D:4)
  A worker ant (D:4)
  4 adders
  An orc (D:3)
  2 giant cockroaches (D:3)
  6 hobgoblins
  3 jackals (D:3)
  2 bats
  3 giant geckos
  2 goblins
  7 kobolds
  3 rats
36 creatures vanquished.

Notes
Turn   | Place    | Note
--------------------------------------------------------------
     0 | D:1      | timbw, the Centaur Venom Mage, began the quest for the Orb.
     0 | D:1      | Reached XP level 1. HP: 14/14 MP: 2/2
   101 | D:2      | Found a shattered altar of Ashenzari.
   106 | D:2      | Reached skill level 1 in Unarmed Combat
   134 | D:2      | Reached XP level 2. HP: 14/20 MP: 0/3
   299 | D:2      | Became a worshipper of Ashenzari the Shackled
   444 | D:2      | Learned a level 2 spell: Cure Poison
   486 | D:2      | Found a white marble altar of Elyvilon.
   569 | D:3      | Reached XP level 3. HP: 18/26 MP: 0/5
   662 | D:3      | Found a glowing drain.
   824 | D:3      | HP: 1/26 [poisoned by an adder]
  1239 | D:3      | Reached XP level 4. HP: 33/33 MP: 1/5
  1313 | D:4      | Found a deep blue altar of Sif Muna.
  1313 | D:4      | Reached skill level 4 in Unarmed Combat
  1353 | D:4      | Found an iron altar of Okawaru.
  1455 | D:4      | Reached XP level 5. HP: 23/38 MP: 6/6
  1502 | D:5      | Entered Level 5 of the Dungeon
  1537 | D:5      | You fall through a shaft for 3 floors!
  1544 | D:8      | Noticed Prince Ribbit
  1545 | D:8      | Noticed an ice beast
  1652 | D:8      | Noticed a hungry ghost
  1669 | D:7      | Noticed a black bear
  1669 | D:7      | Noticed a centaur
  1723 | D:8      | HP: 1/38 [something (4)]
  1723 | D:8      | Slain by an orc wizard

Action                   |  1- 3 |  4- 6 || total
-------------------------+-------+-------++-------
Melee: Unarmed           |    19 |    21 ||    40
       Dagger            |    24 |       ||    24
 Cast: Sting             |    49 |     6 ||    55
  Use: Scroll            |       |     2 ||     2
       Potion            |       |     2 ||     2
  Eat: Chunk             |     2 |     1 ||     3
